 Dungeon Crawl Stone Soup version 0.20.1-1-g8b1a95d (console) character file.

169 bli the Conjurer (level 5, 0/39 HPs)
             Began as a Draconian Conjurer on July 8, 2017.
             Was a Believer of Cheibriados.
             Slain by YrmMerkstave's ghost (10 damage)
             ... on level 3 of the Dungeon.
             The game lasted 00:14:09 (3251 turns).

bli the Conjurer (Draconian Conjurer)               Turns: 3251, Time: 00:14:09

Health: 0/39       AC:  6    Str: 15    XL:     5   Next: 25%
Magic:  2/11       EV: 10    Int: 19    God:    Cheibriados [**....]
Gold:   142        SH:  0    Dex: 16    Spells: 6/12 levels left

rFire    + . .     SeeInvis .   g - +0 hand axe
rCold    . . .     Gourm    .   (no shield)
rNeg     . . .     Faith    .   (armour unavailable)
rPois    .         Spirit   .   (helmet restricted)
rElec    .         Reflect  .   (no cloak)
rCorr    .         Harm     .   w - +0 pair of gloves
MR       .....                  (no boots)
Stlth    ++........             (no amulet)
Regen    0.2/turn               t - -3 ring of evasion (curse)
MPRegen  0.2/turn               u - ring of protection from fire

@: very slow
A: unfitting armour, cold-blooded, AC +5
a: Bend Time, Renounce Religion


You were on level 3 of the Dungeon.
You worshipped Cheibriados.
Cheibriados was pleased with you.
You were not hungry.

You visited 1 branch of the dungeon, and saw 3 of its levels.

You collected 142 gold pieces.

Inventory:

Hand Weapons
 g - a +0 hand axe (weapon)
 l - a +0 dagger
Armour
 w - a +0 pair of gloves (worn)
Jewellery
 t - a cursed -3 ring of evasion (left hand)
 u - a ring of protection from fire (right hand)
Scrolls
 c - 2 scrolls of amnesia {unknown}
 e - a scroll of teleportation {unknown}
 j - 2 scrolls of fear {unknown}
 o - a scroll of remove curse {unknown}
 p - a scroll of identify {unknown}
 v - a scroll of fog {unknown}
Potions
 d - a potion of haste {unknown}
 h - a potion of cancellation {unknown}
 i - a potion of might {unknown}
 k - a potion of heal wounds {unknown}
 m - 2 potions of lignification {unknown}
 n - a potion of flight {unknown}
 q - a potion of curing
 r - a potion of invisibility {unknown}
Books
 a - a book of Conjurations

   Spells                             Type                      Level
   a - Magic Dart                     Conjuration                  1
   b - Searing Ray                    Conjuration                  2
   c - Dazzling Spray                 Conjuration/Hexes            3
   d - Fulminant Prism                Conjuration/Hexes            4
   e - Force Lance                    Conjuration/Translocation    4
   f - Iskenderun's Mystic Blast      Conjuration                  4
Comestibles
 b - 4 bread rations
 f - a meat ration
 s - 2 chunks of flesh


   Skills:
 + Level 0.4 Fighting
 + Level 2.1 Dodging
 - Level 1.7 Stealth
 * Level 4.0 Spellcasting
 + Level 5.0 Conjurations


You had 6 spell levels left.
You knew the following spells:

 Your Spells              Type           Power        Failure   Level  Hunger
a - Magic Dart            Conj           ###.         1%          1    None
d - Dazzling Spray        Conj/Hex       ##....       14%         3    ###....
r - Searing Ray           Conj           ###...       2%          2    ##.....


Dungeon Overview and Level Annotations

Branches:
Dungeon (3/15)

Altars:
Ashenzari
Cheibriados
Qazlal

Annotations:
D:3 YrmMerkstave's ghost, amateur DrTm


Innate Abilities, Weirdness & Mutations

Your plain brown scales are hard. (AC +5)
You cannot fit into any form of body armour.
You are cold-blooded and may be slowed by cold attacks.


Message History

YrmMerkstave's ghost closely misses you.
You hit YrmMerkstave's ghost but do no damage.
YrmMerkstave's ghost is severely damaged.
YrmMerkstave's ghost hits you.
You miss YrmMerkstave's ghost.
YrmMerkstave's ghost is severely damaged.
YrmMerkstave's ghost hits you. YrmMerkstave's ghost barely misses you.
You hit YrmMerkstave's ghost.
You tail-slap YrmMerkstave's ghost, but do no damage.
YrmMerkstave's ghost is severely damaged.
YrmMerkstave's ghost hits you!
You closely miss YrmMerkstave's ghost. You tail-slap YrmMerkstave's ghost.
YrmMerkstave's ghost is almost destroyed.
YrmMerkstave's ghost hits you.
You miss YrmMerkstave's ghost.
YrmMerkstave's ghost is almost destroyed.
YrmMerkstave's ghost hits you.
* * * LOW HITPOINT WARNING * * *
YrmMerkstave's ghost hits you!
You die...

#####.#.#
#.W......
#@# #.#
#.# #.#
#.# #>#
#.# #.#
#.# #.#
#.#


You could see YrmMerkstave's ghost.

Vanquished Creatures
  Jessica (D:2)
  Robin (D:3)
  3 adders
  3 worms (D:2)
  3 dart slugs
  6 leopard geckos
  3 ball pythons
  5 bats
  6 giant cockroaches
  15 hobgoblins
  9 kobolds
  A quokka (D:2)
  2 frilled lizards
  17 goblins
  5 rats
80 creatures vanquished.

Notes
Turn   | Place    | Note
-------+----------+-------------------------------------------
     0 | D:1      | bli the Draconian Conjurer began the quest for the Orb.
     0 | D:1      | Reached XP level 1. HP: 14/14 MP: 3/3
   391 | D:1      | Reached XP level 2. HP: 9/20 MP: 3/5
  1028 | D:1      | Found a snail-covered altar of Cheibriados.
  1038 | D:1      | Became a worshipper of Cheibriados the Contemplative
  1319 | D:1      | Reached XP level 3. HP: 26/26 MP: 1/6
  1670 | D:2      | Learned a level 2 spell: Searing Ray
  1799 | D:2      | Found a stormy altar of Qazlal.
  1977 | D:2      | Found a shattered altar of Ashenzari.
  2111 | D:2      | Noticed Jessica
  2206 | D:2      | Killed Jessica
  2206 | D:2      | Reached XP level 4. HP: 32/34 MP: 0/8
  2230 | D:2      | Reached * piety under Cheibriados
  2701 | D:3      | Noticed Robin
  2896 | D:2      | Learned a level 3 spell: Dazzling Spray
  2908 | D:3      | Killed Robin
  2908 | D:3      | Reached skill level 5 in Conjurations
  2918 | D:3      | Reached XP level 5. HP: 37/39 MP: 1/10
  2956 | D:3      | Reached ** piety under Cheibriados
  3239 | D:3      | Noticed YrmMerkstave's ghost (amateur DrTm)
  3251 | D:3      | Slain by YrmMerkstave's ghost

Skill      XL: |  1  2  3  4  5 |
---------------+----------------+-----
Dodging        | 2 |  2.1
Spellcasting   | 3 4 |  4.0
Conjurations   | 5 |  5.0
Fighting       | |  0.4
Stealth        | |  1.7

Action                   |  1- 3 |  4- 6 || total
-------------------------+-------+-------++-------
Melee: Unarmed           |    24 |       ||    24
       Hand axe          |    13 |    25 ||    38
       Tailslap          |     2 |     4 ||     6
 Cast: Magic Dart        |   100 |    46 ||   146
       Searing Ray       |     1 |     7 ||     8
       Dazzling Spray    |       |     1 ||     1
 Stab: Sleeping          |     1 |       ||     1
  Eat: Chunk             |     5 |     2 ||     7
Armor: Skin              |    10 |     9 ||    19
Dodge: Dodged            |    18 |    27 ||    45
